 Dungeon Crawl Stone Soup version 0.28-a0-461-g2dc4ca5097 (webtiles) character file.

Game seed: 7500603420474164609

136 robertstho the Magician (level 5, -2/37 HPs)
             Began as a Djinni Fire Elementalist on Sept 13, 2021.
             Slain by Pikel (4 damage)
             ... on level 3 of the Dungeon.
             The game lasted 00:04:40 (4448 turns).

robertstho the Magician (Djinni Fire Elementalist)  Turns: 4448, Time: 00:04:41

Health: -2/37      AC:  2    Str:  7    XL:     5   Next: 43%
Gold:   84         EV: 12    Int: 22    God:
                   SH:  0    Dex: 13

rFire   + + .      SeeInvis .   h - +2 dagger (drain)
rCold   x . .      Faith    .   (no shield)
rNeg    . . .      Spirit   .   a - +0 robe
rPois   ∞          Reflect  .   (no helmet)
rElec   .          Harm     .   (no cloak)
rCorr   .          Rampage  .   (no gloves)
Will    .....                   (boots unavailable)
Stlth   ++........              (no amulet)
HPRegen 0.12/turn               (no ring)
MPRegen 0.00/turn               (no ring)

@: flying
A: sickness immunity, fire resistance 2, cold vulnerability 1, float, innate
caster, hp casting, extra vitality 1, clever 2
a: no special abilities


You were on level 3 of the Dungeon.
You visited 1 branch of the dungeon, and saw 4 of its levels.

You collected 84 gold pieces.

Inventory:

Hand Weapons
 h - a +2 dagger of draining (weapon)
Armour
 a - a +0 robe (worn)
Jewellery
 i - a ring of wizardry
Wands
 g - a wand of flame (16)
 l - a wand of mindburst (8)
Scrolls
 b - 5 scrolls of identify
 c - a scroll of vulnerability {unknown}
 f - a scroll of summoning {unknown}
 j - a scroll of magic mapping {unknown}
 k - a scroll of immolation {unknown}
 m - 4 scrolls of noise
 n - a scroll of teleportation {unknown}
Potions
 d - 2 potions of heal wounds {unknown}
 e - 2 potions of mutation


   Skills:
 * Level 1.1 Fighting
 + Level 2.3 Dodging
 + Level 1.7 Stealth
 * Level 4.2 Spellcasting


You couldn't memorise any spells.
You knew the following spells:

 Your Spells              Type           Power      Damage    Failure   Level
a - Foxfire               Conj/Fire      92%        2x1d8     1%          1
b - Scorch                Fire           46%        2d7       3%          2
c - Conjure Flame         Conj/Fire      23%        6-21      6%          3
d - Inner Flame           Hex/Fire       23%        N/A       6%          3
e - Flame Wave            Conj/Fire      23%        3d6       19%         4
f - Animate Skeleton      Necr           46%        N/A       1%          1
g - Poisonous Vapours     Pois/Air       46%        N/A       3%          2
Your spell library was empty.

Dungeon Overview and Level Annotations

Branches:
Dungeon (4/15)
 Temple: D:4-7

Altars:
Dithmenos

Annotations:
D:3 2 runed translucent doors, Pikel; RandomusNamus's ghost, amateur MiGl


Innate Abilities, Weirdness & Mutations

You are immune to sickness and miasma.
You are immune to poison.
Your flesh is very heat resistant. (rF++)
You are vulnerable to cold. (rC-)
You float through the air rather than walking.
You learn spells naturally, not from books.
Your magical power is your life essence.
You have superior vitality. (+4 HP)
Your mind is very acute. (Int +4)


Message History

The ogre is heavily wounded.
The foxfire hits the ogre.
The ogre is heavily wounded.
Pikel says, "You'll make a fine lemure."
Casting: Foxfire (safe; 2% risk of failure)
Press: ? - help, Q - select action, (/) - cycle Dir - look around, f - activate You conjure some foxfire!
The foxfire hits the lemure.
The lemure is lightly wounded.
The foxfire hits the ogre.
The ogre is severely wounded.
The ogre hits you with a +0 giant club!!
Ouch! That really hurt!
Casting: Foxfire (safe; 2% risk of failure)
Press: ? - help, Q - select action, (/) - cycle Dir - look around, f - activate You conjure some foxfire!
The foxfire hits the lemure.
The lemure is lightly wounded.
The foxfire hits the lemure.
The lemure is lightly wounded.
The ogre hits you with a +0 giant club.
* * * LOW HITPOINT WARNING * * *
The foxfire hits the ogre.
The ogre is severely wounded.
The foxfire hits Pikel but does no damage.
The ogre barely misses you.
You fly upwards.
Level annotation: 2 runed translucent doors, RandomusNamus's ghost, amateur MiGl
There is a stone staircase leading down here.
The ogre closely misses you.
As you read the scroll labelled LUID SIZICEQ, it crumbles to dust.
It is a scroll of identify.
m - 4 scrolls of noise Pikel barely misses you.
It was a potion of mutation.
You feel extremely strange.
You feel clever. x2
Pikel hits you with a +1 whip of freezing!
* * * LOW HITPOINT WARNING * * *
Pikel freezes you.
You die...

.....# #.# #.# ##.##
...#.# #.# #.#
#####.# ..##.#
#.######.######...#.#
..##.#
#..............###..#
.....#
#####..........# #.##
..####
#.##.####..###.# ..#
#.##.# #.#...## .##
#.##.# #.##.## .#
#.##@# #.##.# .#
#.##K####.##.# .#
#.##O>.....#.# .#
#.#######....# .#
#.### #..#.#
.######## #.#.##
#..#.# ........#
#..#.####..#.#
.######.#
#.###........# ##
##.## ##.#.#####.###


You could see Pikel and an ogre.

Vanquished Creatures
  An iguana (D:3)
  Terence (D:2)
  2 adders
  2 worms
  3 dart slugs (D:3)
  4 orcs (D:3)
  6 ball pythons
  8 endoplasms
  A giant cockroach (D:2)
  3 goblins (D:1)
  4 hobgoblins
  4 bats
  3 frilled lizards
  2 kobolds
  11 rats
55 creatures vanquished.

Vanquished Creatures (collateral kills)
  7 foxfires (D:1)
7 creatures vanquished.

Vanquished Creatures (others)
  255 foxfires
  9 plants (D:1)
264 creatures vanquished.

Grand Total: 326 creatures vanquished

Notes
Turn   | Place    | Note
-------+----------+-------------------------------------------
     0 | D:1      | robertstho the Djinni Fire Elementalist began the quest for
                  | the Orb.
     0 | D:1      | Reached XP level 1. HP: 15/15 MP: 0/0
   551 | D:1      | Reached XP level 2. HP: 18/22 MP: 0/0
  1414 | D:1      | Reached skill level 3 in Spellcasting
  1414 | D:1      | Reached XP level 3. HP: 23/26 MP: 0/0
  1414 | D:1      | Learned a level 1 spell: Animate Skeleton
  1907 | D:2      | Noticed Terence
  1917 | D:2      | Killed Terence
  1918 | D:2      | Reached XP level 4. HP: 4/31 MP: 0/0
  2420 | D:2      | Found a faded altar of an unknown god.
  3042 | D:3      | Found a shadowy altar of Dithmenos.
  3274 | D:3      | Reached XP level 5. HP: 26/36 MP: 0/0
  3274 | D:3      | Learned a level 2 spell: Poisonous Vapours
  3441 | D:3      | Reached skill level 1 in Fighting
  3441 | D:3      | Reached skill level 4 in Spellcasting
  3825 | D:3      | Found a large runed translucent door.
  3825 | D:3      | Found a large runed translucent door.
  3866 | D:3      | Noticed RandomusNamus's ghost (amateur MiGl)
  4436 | D:4      | Noticed Pikel
  4436 | D:4      | Noticed a lemure
  4436 | D:4      | Noticed a lemure
  4436 | D:4      | Noticed an ogre
  4438 | D:4      | Noticed a lemure
  4443 | D:4      | Noticed a lemure
  4448 | D:3      | Gained mutation: Your mind is acute. (Int +2) [potion of
                  | mutation]
  4448 | D:3      | Gained mutation: Your mind is very acute. (Int +4) [potion
                  | of mutation]
  4448 | D:3      | Slain by Pikel

Illustrated notes

Levels and vault maps discovered:
D:1:      minmay_arrival_floating_metal, layout_basic, serial_bayou_lake_a
D:2:      layout_loops_cross, basic_ecumenical_altar, uniq_terence
D:3:      layout_loops_ring, mainiacjoe_overflow_chevrons,
          ebering_ghost_disaster_area, minivault_14
D:4:      layout_gridville, elyvilon_altar_5,
          mainiacjoe_overflow_catch_the_wave, uniq_pikel, uniq_grinder,
          uniq_robin, uniq_duvessa, uniq_edmund

Skill      XL: |  1  2  3  4  5 |
---------------+----------------+-----
Spellcasting   | 3 4 |  4.2
Fighting       | 1 |  1.1
Dodging        | |  2.3
Stealth        | |  1.7

Action                   |  1- 3 |  4- 6 || total
-------------------------+-------+-------++-------
Melee: Unarmed           |     1 |       ||     1
       Dagger            |       |     1 ||     1
 Cast: Foxfire           |    85 |    75 ||   160
       Scorch            |     2 |    16 ||    18
  Use: Scroll            |       |     1 ||     1
       Potion            |       |     1 ||     1
Armor: Robe              |     1 |       ||     1
Dodge: Dodged            |     3 |     9 ||    12

Table legend: (Time is in decaauts)
 A = Elapsed time spent in this place.
 B = Non-inter-level travel time spent in this place.
 C = Inter-level travel time spent in this place.
 D = Time resting spent in this place.
 E = Time spent auto-exploring this place.
 F = Levels seen in this place.
 G = Mean time per level.
                   A        B        C        D        E       F      G
               +--------+--------+--------+--------+--------+-----+--------+
         Total |   4447 |   4398 |     49 |    349 |   3682 |   4 | 1111.8 |
       Dungeon |   4447 |   4398 |     49 |    349 |   3682 |   4 | 1111.8 |
               +--------+--------+--------+--------+--------+-----+--------+

Top non-repeatable levels by time:
     D:1: 1530 daAuts
     D:3: 1505 daAuts
     D:2: 1404 daAuts
     D:4: 7 daAuts
